 Dungeon Crawl Stone Soup version 0.25.1-2-g60ff931df9 (webtiles) character file.

Game seed: 13672762601174657808

79 funkygono the Chucker (level 4, -15/42 HPs)
             Began as a Troll Hunter on Oct 27, 2020.
             Killed by divine providence
             ... invoked by an orc priest
              (17 damage)
             ... on level 3 of the Dungeon.
             The game lasted 00:04:11 (1860 turns).

funkygono the Chucker (Troll Hunter)                Turns: 1860, Time: 00:04:12

Health: -15/42     AC:  6    Str: 27    XL:     4   Next: 17%
Magic:  3/3        EV: 10    Int:  7    God:
Gold:   73         SH:  0    Dex: 10    Spells: 3/3 levels left

rFire    + . .     SeeInvis .   (no weapon)
rCold    + . .     Gourm    +   (no shield)
rNeg     . . .     Faith    .   b - +0 robe
rPois    +         Spirit   .   (helmet restricted)
rElec    +         Reflect  .   (no cloak)
rCorr    +         Harm     .   (gloves unavailable)
MR       .....                  (boots unavailable)
Stlth    ..........             (no amulet)
HPRegen  0.54/turn              i - ring of attention (curse)
MPRegen  0.08/turn              k - +6 ring of strength

@: resistant, very slightly contaminated, slowed, very slow
A: large, unfitting armour, claws 3, fast metabolism 3, gourmand, regeneration
1, shaggy fur 1, tough skin 3
a: no special abilities


You were on level 3 of the Dungeon.
You were full.

You visited 1 branch of the dungeon, and saw 3 of its levels.

You collected 73 gold pieces.

Inventory:

Hand Weapons
 a - a +0 short sword
Missiles
 c - 4 large rocks
 d - a throwing net
 m - 8 poisoned darts (quivered)
 n - 6 boomerangs
Armour
 b - a +0 robe (worn)
Jewellery
 i - a cursed ring of attention (left claw)
 j - an uncursed ring of magical power
 k - a +6 ring of strength (right claw)
Scrolls
 e - a scroll of magic mapping
Potions
 g - 2 potions of curing {unknown}
 r - 2 potions of degeneration {unknown}
Comestibles
 f - 6 rations


   Skills:
 + Level 2.1 Fighting
 + Level 0.4 Short Blades
 + Level 4.7 Throwing
 + Level 1.8 Dodging
 + Level 0.3 Stealth
 + Level 0.3 Unarmed Combat


You had 3 spell levels left.
You didn't know any spells.
Your spell library was empty.

Dungeon Overview and Level Annotations

Branches:
Dungeon (3/15)

Altars:


Innate Abilities, Weirdness & Mutations

You are too large for most types of armour.
You have claws for hands.
Your metabolism is lightning-fast.
You like to eat raw meat.
Your natural rate of healing is unusually fast.
You are covered in fur. (AC +1)
You have extremely tough skin. (AC +3)


Message History

You scratch the frilled lizard.
You kill the frilled lizard!
The orc priest hits you but does no damage.
The orc priest hits you.
The orc wizard casts a spell.
The orc wizard blinks!
The orc priest calls down the wrath of Beogh upon you.
Beogh smites you!
* * * LOW HITPOINT WARNING * * *
The orc wizard gestures at you while chanting.
The magic dart hits you!
* * * LOW HITPOINT WARNING * * *
You see here a frilled lizard corpse.
Unknown command.
It was a potion of resistance.
You feel protected.
The orc wizard hits you but does no damage.
The orc priest mumbles some strange prayers to Beogh against you.
Beogh smites you!
You die...

#.## #..# # (..#
.# #..###.# #
#......#
.###.##......#
.......o"....#
#@.....#
#o##...# # #.#
.#
..###.##g###..#
.......b{.....#
##...##.#####.g.
#. #.# #.# ..#


You could see an orc priest, an orc wizard (poisoned), a hobgoblin and a bat.

Vanquished Creatures
  2 adders (D:2)
  A worm (D:2)
  3 dart slugs
  A leopard gecko (D:2)
  A ball python (D:1)
  8 giant cockroaches
  6 goblins
  7 hobgoblins
  4 kobolds (D:1)
  4 bats
  5 frilled lizards
  7 rats
49 creatures vanquished.

Notes
Turn   | Place    | Note
-------+----------+-------------------------------------------
     0 | D:1      | funkygono the Troll Hunter began the quest for the Orb.
     0 | D:1      | Reached XP level 1. HP: 19/19 MP: 0/0
   218 | D:1      | Reached XP level 2. HP: 28/28 MP: 1/1
   319 | D:1      | Reached skill level 4 in Throwing
   536 | D:1      | Reached XP level 3. HP: 35/35 MP: 2/2
  1383 | D:2      | Reached XP level 4. HP: 40/42 MP: 3/3
  1859 | D:3      | HP: 1/42 [orc wizard/magic dart (7)]
  1860 | D:3      | Killed from afar by an orc priest

Illustrated notes

Levels and vault maps discovered:
D:1:      dpeg_arrival_court, layout_basic, ebering_dispersal_statue_hall,
          minmay_misc_feat_secret_circle, st_stairs_3
D:2:      layout_basic, first_ration
D:3:      layout_basic, uniq_grinder

Skill      XL: |  1  2  3 |
---------------+----------+-----
Throwing       | 4 |  4.7
Fighting       | 2 |  2.1
Short Blades   | |  0.4
Dodging        | |  1.8
Stealth        | |  0.3
Unarmed Combat | |  0.3

Action                   |  1- 3 |  4- 6 || total
-------------------------+-------+-------++-------
Melee: Short sword       |    33 |       ||    33
       Unarmed           |    36 |     7 ||    43
Throw: Large rock        |    52 |       ||    52
       Throwing net      |     1 |       ||     1
       Dart              |     9 |    14 ||    23
  Use: Scroll            |     3 |     4 ||     7
       Potion            |       |     1 ||     1
  Eat: Chunk             |    18 |     2 ||    20
Armor: Robe              |    28 |     5 ||    33
Dodge: Dodged            |    33 |    11 ||    44
